 Dungeon Crawl Stone Soup version 0.30-a0-568-g124715a40b (webtiles) character file.

Game seed: 6182963238628458511

121223 Pooter the Severer (level 16, 0/149 HPs)
             Began as a Minotaur Berserker on Dec 27, 2022.
             Was an Elder of Trog.
             Slain by a radroach simulacrum (7 damage)
             ... on level 2 of the Spider Nest on Dec 28, 2022.
             The game lasted 02:47:55 (40351 turns).

Pooter the Severer (Minotaur Berserker)            Turns: 40351, Time: 02:47:55

Health: 0/149      AC: 29    Str: 31      XL:     16   Next: 31%
Magic:  4/15       EV:  9    Int:  6      God:    Trog [****..]
Gold:   2177       SH:  5    Dex: 16 (17) Spells: 15/15 levels left

rFire   . . .      SeeInvis +    a - +2 executioner's axe (elec)
rCold   + + .      Faith    .    (shield currently unavailable)
rNeg    . . .      Spirit   .    D - +4 plate armour {rC+}
rPois   +          Reflect  +    V - +1 hat of Omission {Fly rPois rC+ Stlth+}
rElec   .          Harm     .    h - +2 cloak
rCorr   .          Rampage  ∞    o - +0 pair of gloves
Will    +....                    T - +3 pair of seven-league boots {Rampage+∞} Stlth
                                 j - amulet of Talodoj {Reflect Contam rPois Str+4 SH+5}
HPRegen 0.44/turn                X - +6 ring of dexterity
MPRegen 0.14/turn                S - ring of see invisible

@: on berserk cooldown, flying, very slightly contaminated, slowed, very slow
A: horns 2, retaliatory headbutt
a: Renounce Religion, Berserk, Trog's Hand, Brothers in Arms


You were on level 2 of the Spider Nest.
You worshipped Trog.
Trog was greatly pleased with you.
You visited 4 branches of the dungeon, and saw 24 of its levels.
You also visited: Ossuary and Gauntlet.

You collected 2804 gold pieces.
You spent 627 gold pieces at shops.

Inventory:

Hand Weapons
 a - a +2 executioner's axe of electrocution (weapon)
   (Trog gifted it to you on level 2 of the Orcish Mines)
 b - a +2 triple crossbow of freezing
   (You acquired it on level 7 of the Dungeon)
 k - a +3 battleaxe of draining
   (You took it off an orc warrior on level 4 of the Dungeon)
 M - the +11 flail "Yvixesch" {freeze, +Blink rElec Str+7 Int+3}
   (You found it on level 7 of the Dungeon)

   It freezes those it strikes, dealing additional cold damage.
   It can also slow down cold-blooded creatures.
   Str:       It affects your strength (+7).
   Int:       It affects your intelligence (+3).
   rElec:     It insulates you from electricity.
   +Blink:    It lets you blink.
 W - a +2 antimagic battleaxe
   (You took it off a minotaur in a Gauntlet)
Missiles
 e - 3 throwing nets {!f}
 l - 16 poisoned darts
 y - 13 atropa-tipped darts
 P - 5 boomerangs (quivered)
 Q - 6 javelins
 U - a silver javelin
Armour
 h - a +2 cloak (worn)
   (You bought it in a shop on level 2 of the Orcish Mines)
 o - a +0 pair of gloves (worn)
   (You found it on level 1 of the Lair of Beasts)
 D - a +4 plate armour of cold resistance (worn)
   (You found it on level 2 of the Orcish Mines)
 T - the +3 pair of seven-league boots (worn) {Rampage+∞}
   (You acquired it on level 13 of the Dungeon)

   Its wearer moves as far as possible in that direction when moving towards
   enemies.
 V - the +1 hat of Omission (worn) {Fly rPois rC+ Stlth+}
   (You found it in a Gauntlet)

   rC:        It protects you from cold.
   rPois:     It protects you from poison.
   Fly:       It grants you flight.
   Stlth:     It makes you more stealthy.
Jewellery
 j - the amulet of Talodoj (around neck) {Reflect Contam rPois Str+4 SH+5}
   (You found it in a Gauntlet)

   [amulet of reflection]

   It reflects blocked missile attacks.
   Str:       It affects your strength (+4).
   rPois:     It protects you from poison.
   Contam:    It causes magical contamination when unequipped.
   SH:        It affects your SH (+5).
 n - a ring of willpower
   (You found it on level 3 of the Lair of Beasts)
 q - an amulet of regeneration
   (You found it on level 15 of the Dungeon)
 C - a ring of resist corrosion
   (You found it on level 1 of the Dungeon)
 F - a ring of protection from fire
   (You found it on level 6 of the Dungeon)
 G - an amulet of guardian spirit
   (You found it on level 14 of the Dungeon)
 I - a ring of protection from cold
   (You found it on level 13 of the Dungeon)
 S - a ring of see invisible (right hand)
   (You took it off a minotaur in a Gauntlet)
 X - a +6 ring of dexterity (left hand)
   (You found it in a Gauntlet)
 Y - a +6 ring of strength
   (You found it in a Gauntlet)
Wands
 d - a wand of iceblast (13)
   (You found it on level 9 of the Dungeon)
 f - a wand of flame (15)
   (You found it on level 7 of the Dungeon)
 w - a wand of polymorph (20)
   (You found it on level 8 of the Dungeon)
 N - a wand of light (7)
   (You found it on level 9 of the Dungeon)
 Z - a wand of charming (11)
   (You found it in a Gauntlet)
Scrolls
 c - 3 scrolls of silence
 g - 3 scrolls of vulnerability {!r}
 r - a scroll of fear
 t - 8 scrolls of teleportation {@r4}
 A - 2 scrolls of fog
 B - 4 scrolls of poison {!r}
 E - 2 scrolls of magic mapping
 J - 3 scrolls of butterflies
Potions
 i - a potion of resistance
 p - 4 potions of haste {@q3}
 u - 2 potions of attraction {!q}
 v - 2 potions of mutation {!q}
 x - 6 potions of lignification {!q}
 z - 2 potions of invisibility
 K - 3 potions of might
 O - 6 potions of heal wounds {@q2}
 R - 5 potions of curing {@q1}
Miscellaneous
 m - a tin of tremorstones (2/2)
   (You found it on level 1 of the Lair of Beasts)
 s - a condenser vane
   (You found it on level 4 of the Lair of Beasts)
 H - a phantom mirror
   (You found it in a Gauntlet)


   Skills:
 + Level 15.4 Fighting
 * Level 20.9 Axes
 * Level 18.9 Ranged Weapons
 - Level 10.3 Armour
 - Level 2.1 Dodging
 - Level 6.6 Evocations


You had 15 spell levels left.
You didn't know any spells.
Your spell library was empty.

Dungeon Overview and Level Annotations

Branches:
Dungeon (15/15)            Temple (0/1) D:4            Lair (5/5) D:11
  Swamp (0/4) Lair:3       Spider (2/4) Lair:2        Slime (0/5) Lair:4
    Orc (2/2) D:12            Elf (0/3) Orc:2        Vaults (0/5) D:14
 Depths (0/4) D:15        Ossuary (visited)         Gauntlet (visited)

Altars:
Ashenzari
Cheibriados
Dithmenos
Elyvilon
Fedhas
Hepliaklqana
Kikubaaqudgha
Makhleb
Nemelex Xobeh
Okawaru
Qazlal
Ru
Sif Muna
Trog
Uskayaw
Vehumet
Wu Jian
Xom
Yredelemnul
Zin
Jiyva

Shops:
D:7 :?   Orc:2 :(*[

Portals:
Hell: Lair:5
Trove: D:14 (give +3 gold dragon scales)


Innate Abilities, Weirdness & Mutations

You have a pair of horns on your head.
You reflexively headbutt those who attack you in melee.


Message History

You hit the sun moth. The sun moth throws energy at you.
The bolt of energy hits you!!
* * * LOW HITPOINT WARNING * * *
You slash the sun moth! You headbutt the sun moth. You hit the sun moth.
The orb spider's soul is no longer bound.
The sun moth bites you but does no damage.
You barely miss the sun moth.
The sun moth bites you but does no damage.
You closely miss the sun moth. You headbutt the sun moth!
The sun moth bites you but does no damage.
You miss the sun moth. You miss the sun moth. The sun moth barely misses you.
You closely miss the sun moth. The sun moth bites you!!
* * * LOW HITPOINT WARNING * * *
You are covered in liquid flames.
You are covered in liquid flames!
You slash the sun moth!
You are covered in liquid flames!
You are no longer berserk.
You are exhausted.
You feel yourself slow down.
You slice the sun moth!! Your headbutt misses the sun moth.
You are covered in liquid flames!
* * * LOW HITPOINT WARNING * * *
The sun moth bites you but does no damage.
The sun moth throws sticky fire at you.
The sticky flame hits you but does no damage.
You are covered in liquid flames!
You barely miss the sun moth. You headbutt the sun moth.
You are covered in liquid flames!
* * * LOW HITPOINT WARNING * * *
A redback comes into view.
The sun moth closely misses you. You furiously retaliate!
You headbutt the sun moth. You slash the sun moth!
You kill the sun moth!
Trog accepts your kill.
You are covered in liquid flames!
* * * LOW HITPOINT WARNING * * *
A redback comes into view.
The orb spider pulsates with a strange energy.
You slash the radroach simulacrum! You hit the redback.
The redback bites you but does no damage.
You block the radroach simulacrum's attack.
The radroach simulacrum claws you.
* * * LOW HITPOINT WARNING * * *
The radroach simulacrum freezes you! You resist.
You die...

#..#>.^##.#..#
#####...#######.†
#.#.#....# #^.
#.....#### #.#
###...#..# ###
#.......##
#.s###..#
#.s^##..# ##
##@####.# ##.#
##Z## ###
.^##...##†..#
.....s...s(.#
#.?s.#....#(#
°...)^.$....#
#....#....#.#
!....^......#
..##...##...#


You could see an orb spider (charged), 2 redbacks and a radroach simulacrum.

Vanquished Creatures
  Jorgrun (Spider:1)
  2 ghost moths (Spider:2)
  An orc warlord (Orc:2)
  A broodmother (Spider:2)
  A minotaur (Gauntlet)
  An entropy weaver (Spider:2)
  A great orb of eyes (D:15)
  Erolcha (D:11)
  A hell beast (Gauntlet)
  6 hydras
  A rakshasa (D:15)
  An ogre mage (Orc:2)
  5 boulder beetles
  A jorogumo (Spider:2)
  2 radroaches (Spider:2)
  7 two-headed ogres
  4 centaur warriors
  3 death scarabs
  Urug (Lair:5)
  4 orc high priests (Orc:2)
  A sun demon (Lair:5)
  8 skeletal warriors
  3 pharaoh ants (Spider:2)
  2 orb spiders
  3 sun moths
  A deep troll (Orc:2)
  2 steelbarb worms
  2 wizards
  Pikel (D:5)
  A lindwurm (Lair:5)
  5 orc knights
  19 ugly things
  4 deep elf pyromancers
  9 wolf spiders
  A mana viper (shapeshifter) (D:14)
  3 manticores (D:15)
  6 orc sorcerers
  5 cyclopes
  3 oklob plants (Lair:1)
  4 black mambas
  The ghost of sirJeffrey23 the Ruffian, a novice TrMo (D:5)
  10 cane toads
  3 torpor snails
  An orange demon (Lair:5)
  A kobold demonologist (D:11)
  An unseen horror (D:9)
  A hellwing (Lair:5)
  4 rime drakes
  3 demonic crawlers (Spider:2)
  2 efreet
  16 komodo dragons
  4 yaktaurs (D:15)
  3 polar bears (Lair:5)
  3 ice devils (Lair:5)
  2 red devils (Lair:5)
  10 trolls
  A wind drake (shapeshifter) (D:15)
  4 hornets
  14 blink frogs
  4 tarantellas (Spider:1)
  5 slime creatures (D:15)
  A dream sheep (Lair:5)
  14 jumping spiders
  A shadow (D:10)
  3 vampires
  Sigmund (D:5)
  A spectral black mamba (Gauntlet)
  10 culicivoras
  12 wyverns
  85 yaks
  A wraith (D:10)
  A human (D:12)
  6 basilisks
  2 steam dragons (D:9)
  3 vampire mosquitoes (D:13)
  24 redbacks
  Edmund (D:5)
  A spectral cane toad (Gauntlet)
  8 wargs
  Menkaure (D:5)
  The ghost of GiantSquids the Chopper, an amateur VSBe of Trog (D:3)
  4 hell hounds (Lair:5)
  16 water moccasins
  21 orc warriors
  4 black bears
  13 wolves
  6 ogres
  8 centaurs
  4 elf zombies (Ossuary)
  A lemure (D:5)
  11 bullfrogs
  A gnoll sergeant (D:8)
  A kobold brigand (D:6)
  2 scorpions
  13 killer bees
  4 howler monkeys
  4 electric eels (Lair:1)
  A crimson imp (D:8)
  A centaur zombie (Ossuary)
  21 jellies
  A human zombie (Ossuary)
  A gnoll bouda (D:6)
  21 orc priests
  Terence (D:3)
  3 iguanas
  27 orc wizards
  A hound zombie (D:3)
  2 mummies (Ossuary)
  Robin (D:4)
  9 adders
  13 gnolls
  A white imp (D:6)
  2 ufetubi (D:5)
  2 adder zombies
  A worm (D:2)
  3 dart slugs
  76 orcs
  8 ball pythons
  10 bats
  21 endoplasms
  2 giant cockroaches
  16 goblins
  7 hobgoblins
  7 jackals
  10 kobolds
  6 quokkas
  3 frilled lizards
  2 goblin zombies (Ossuary)
  7 hobgoblin zombies (Ossuary)
  2 jackal zombies
  11 kobold zombies (Ossuary)
  7 orc zombies (Ossuary)
  5 rats
  2 rat zombies (Ossuary)
825 creatures vanquished.

Vanquished Creatures (collateral kills)
  An orc priest (Orc:2)
1 creature vanquished.

Vanquished Creatures (others)
  A jumping spider (Spider:1)
  2 orc warriors (Orc:2)
  A demonic plant (Gauntlet)
  26 fungi
  29 plants
59 creatures vanquished.

Grand Total: 885 creatures vanquished

Notes
Turn   | Place    | Note
-------+----------+-------------------------------------------
     0 | D:1      | Pooter the Minotaur Berserker began the quest for the Orb.
     0 | D:1      | Reached XP level 1. HP: 19/19 MP: 0/0
    92 | D:1      | Reached skill level 4 in Axes
   147 | D:1      | Reached XP level 2. HP: 27/27 MP: 1/1
   332 | D:1      | Reached ** piety under Trog
   615 | D:2      | Reached skill level 1 in Ranged Weapons
   623 | D:2      | Reached XP level 3. HP: 33/33 MP: 2/2
  1240 | D:2      | Reached XP level 4. HP: 40/40 MP: 3/3
  1378 | D:3      | Noticed Terence
  1383 | D:3      | Killed Terence
  1384 | D:3      | Reached skill level 5 in Axes
  1630 | D:3      | Noticed a scorpion
  1636 | D:3      | Killed a scorpion
  1637 | D:3      | Reached XP level 5. HP: 47/47 MP: 4/4
  1691 | D:3      | Reached *** piety under Trog
  1702 | D:3      | Found a runed translucent gate.
  1702 | D:3      | Found a runed translucent gate.
  1702 | D:3      | Found a runed translucent gate.
  1702 | D:3      | Noticed GiantSquids's ghost (amateur VSBe)
  1704 | D:3      | Found a basalt altar of Yredelemnul.
  1756 | D:3      | Found a hide-covered altar of Uskayaw.
  1896 | D:3      | Found a faded altar of an unknown god.
  2016 | D:3      | Found a shimmering blue altar of Sif Muna.
  2151 | D:4      | Found a staircase to the Ecumenical Temple.
  2162 | D:4      | Found an ancient bone altar of Kikubaaqudgha.
  2215 | D:4      | Identified the +10 sling of the Establishment {heavy,
                  | +Blink rF+ Stlth+}
  2235 | D:4      | Found a hazy altar of Hepliaklqana.
  2246 | D:4      | Found a shadowy altar of Dithmenos.
  2246 | D:4      | Noticed a shadow
  2706 | D:4      | Found a snail-covered altar of Cheibriados.
  2725 | D:4      | Noticed Robin
  2731 | D:4      | Killed Robin
  2854 | D:4      | Reached skill level 6 in Axes
  2854 | D:4      | Reached XP level 6. HP: 48/55 MP: 5/5
  3110 | D:5      | Entered Level 5 of the Dungeon
  3152 | D:5      | Reached skill level 5 in Fighting
  3193 | D:5      | Found a blossoming altar of Fedhas.
  3241 | D:5      | Noticed Menkaure
  3249 | D:5      | Killed Menkaure
  3253 | D:5      | Reached XP level 7. HP: 61/61 MP: 6/6
  3360 | D:5      | Noticed Edmund
  3371 | D:5      | Killed Edmund
  3372 | D:5      | Reached skill level 7 in Axes
  3372 | D:5      | Reached skill level 5 in Ranged Weapons
  3426 | D:5      | Noticed Sigmund
  3432 | D:5      | Killed Sigmund
  3552 | D:5      | Found a sparkling altar of Nemelex Xobeh.
  3626 | D:5      | Noticed Pikel
  3639 | D:5      | Killed Pikel
  3640 | D:5      | Reached skill level 8 in Axes
  3640 | D:5      | Reached XP level 8. HP: 70/70 MP: 7/7
  3658 | D:4      | Reached skill level 5 in Armour
  3962 | D:5      | Found a transporter.
  3962 | D:5      | Found a bloodstained altar of Trog.
  3966 | D:5      | Noticed sirJeffrey23's ghost (novice TrMo)
  4028 | D:5      | Reached skill level 9 in Axes
  4188 | D:5      | Found a shimmering altar of Xom.
  4277 | D:5      | Found a transporter.
  4333 | D:5      | Found a white marble altar of Elyvilon.
  4383 | D:5      | Found a broken altar of Ashenzari.
  4450 | D:6      | Found a sand-covered staircase.
  4548 | Ossuary  | Entered an ossuary
  6101 | Ossuary  | Reached XP level 9. HP: 79/79 MP: 8/8
  6102 | Ossuary  | Reached **** piety under Trog
  7258 | D:7      | Reached skill level 10 in Axes
  7400 | D:7      | Identified a scroll of acquirement
  7400 | D:7      | Acquired a +2 triple crossbow of freezing
  7465 | D:7      | Found Suid's Vocational Training.
  7485 | D:7      | Found Kizodwor's Magic Scroll Emporium.
  7497 | D:7      | Bought a scroll of identify for 28 gold pieces
  7497 | D:7      | Bought a scroll of magic mapping for 105 gold pieces
  7497 | D:7      | Bought a scroll of identify for 28 gold pieces
  7497 | D:7      | Bought a scroll of identify for 28 gold pieces
  7497 | D:7      | Bought a scroll of poison for 56 gold pieces
  7511 | D:7      | Found a sacrificial altar of Ru.
  7523 | D:7      | Identified the +11 flail "Yvixesch" {freeze, +Blink rElec
                  | Str+7 Int+3}
  7918 | D:7      | Found a stormy altar of Qazlal.
  8442 | D:8      | Found a burning altar of Makhleb.
  8442 | D:8      | Found a radiant altar of Vehumet.
  8709 | D:8      | Reached skill level 11 in Axes
  9088 | D:9      | Killed an unseen horror
  9146 | D:9      | Reached XP level 10. HP: 81/88 MP: 9/9
  9252 | D:9      | Identified the +0 leather armour "Qarus" {Stlth+}
  9270 | D:9      | Reached skill level 10 in Ranged Weapons
  9535 | D:9      | Reached skill level 12 in Axes
  9599 | D:9      | Found an ornate altar of the Wu Jian Council.
  9649 | D:9      | Noticed a two-headed ogre
  9653 | D:9      | Killed a two-headed ogre
 10331 | D:10     | Entered Level 10 of the Dungeon
 10620 | D:10     | Found an iron altar of Okawaru.
 11059 | D:10     | Reached skill level 13 in Axes
 11059 | D:10     | Reached XP level 11. HP: 90/99 MP: 10/10
 11743 | D:10     | Found a glowing silver altar of Zin.
 12188 | D:11     | Noticed a two-headed ogre
 12193 | D:11     | Killed a two-headed ogre
 12221 | D:11     | Reached skill level 10 in Fighting
 12242 | D:11     | Found a staircase to the Lair.
 12278 | D:11     | Found a gate leading to a gauntlet.
 12287 | Gauntlet | Entered a Gauntlet
 12287 | Gauntlet | Noticed a brown ugly thing
 12287 | Gauntlet | Found a transporter.
 12288 | Gauntlet | Noticed a purple ugly thing
 12289 | Gauntlet | Noticed a glowing orange brain
 12292 | Gauntlet | Noticed a glowing orange brain
 12300 | Gauntlet | Found a transporter.
 12302 | Gauntlet | Noticed a hell beast
 12309 | Gauntlet | Found a transporter.
 12309 | Gauntlet | Found a transporter.
 12319 | Gauntlet | Identified the +1 hat of Omission {Fly rPois rC+ Stlth+}
 12320 | Gauntlet | Noticed a death scarab
 12325 | Gauntlet | Killed a hell beast
 12373 | Gauntlet | Noticed a death scarab
 12426 | Gauntlet | Found a transporter.
 12435 | Gauntlet | Killed a death scarab
 12443 | Gauntlet | Killed a death scarab
 12444 | Gauntlet | Reached skill level 14 in Axes
 12526 | Gauntlet | Identified the amulet of Talodoj {Reflect Contam rPois
                  | Str+4 SH+5}
 12547 | Gauntlet | Identified the +3 scale mail of Asiurups {Fly rC++ Dex+4
                  | Slay-2}
 12547 | Gauntlet | Noticed a minotaur
 12555 | Gauntlet | Killed a minotaur
 12605 | Gauntlet | Identified the +1 tower shield of the Thunderstorm {Int+4}
 12620 | D:11     | Noticed Psyche
 12623 | D:11     | Noticed Psyche
 12632 | D:11     | Killed Psyche the hornet
 12682 | D:11     | Noticed a boulder beetle
 12702 | D:11     | Killed a boulder beetle
 13284 | D:11     | Noticed Erolcha
 13298 | D:11     | Killed Erolcha
 13299 | D:11     | Reached XP level 12. HP: 110/110 MP: 11/11
 13438 | Lair:1   | Entered Level 1 of the Lair of Beasts
 13734 | Lair:1   | Reached skill level 15 in Axes
 14027 | Lair:1   | Reached skill level 1 in Evocations
 14155 | Lair:1   | Identified the +2 long sword "Zuaff" {holy, *Corrode MP+9
                  | SInv}
 14743 | Lair:1   | Found a blossoming altar of Fedhas.
 15172 | Lair:2   | Noticed an eight-headed hydra
 15179 | Lair:2   | Killed an eight-headed hydra
 15409 | Lair:2   | Reached skill level 16 in Axes
 15560 | Lair:2   | Reached XP level 13. HP: 90/117 MP: 12/12
 15762 | Lair:2   | Found a hole to the Spider Nest.
 17167 | Lair:3   | Found a staircase to the Swamp.
 17622 | Lair:4   | Reached ***** piety under Trog
 17730 | Lair:4   | Reached skill level 15 in Ranged Weapons
 18165 | Lair:4   | Found a viscous altar of Jiyva.
 18165 | Lair:4   | Found a staircase to the Slime Pits.
 18797 | Lair:5   | Entered Level 5 of the Lair of Beasts
 18799 | Lair:5   | Reached skill level 17 in Axes
 18801 | Lair:5   | Noticed Urug
 18949 | Lair:5   | Killed Urug
 18994 | Lair:5   | Received a gift from Trog
 19069 | Lair:5   | Reached skill level 5 in Evocations
 19363 | Lair:5   | Reached XP level 14. HP: 127/127 MP: 13/13
 20126 | Lair:5   | Found a burning altar of Makhleb.
 20203 | Lair:5   | Found a gateway to Hell.
 21170 | D:12     | Found a staircase to the Orcish Mines.
 21228 | D:12     | Reached skill level 18 in Axes
 21505 | Orc:1    | Entered Level 1 of the Orcish Mines
 22136 | Orc:1    | Upgraded the game from 0.30-a0-557-ge2afbf3030 to
                  | 0.30-a0-568-g124715a40b
 22146 | Orc:2    | Entered Level 2 of the Orcish Mines
 24523 | Orc:2    | Found a radiant altar of Vehumet.
 24534 | Orc:2    | Found a staircase to the Elven Halls.
 25417 | Orc:2    | Received a gift from Trog
 29412 | Orc:2    | Noticed an orc warlord
 29420 | Orc:2    | Killed an orc warlord
 29421 | Orc:2    | Reached skill level 10 in Armour
 31241 | Orc:2    | Found Gesisch's Antique Armour Shop.
 31242 | Orc:2    | Found Qaduc's Antique Weapon Shop.
 31244 | Orc:2    | Found Xienefon's General Store.
 31244 | Orc:2    | Found Nautz's Book Boutique.
 31249 | Orc:2    | Bought a potion of curing for 36 gold pieces
 31249 | Orc:2    | Bought a scroll of teleportation for 36 gold pieces
 31249 | Orc:2    | Bought a wand of iceblast (4) for 115 gold pieces
 31259 | Orc:2    | Bought a glowing cloak for 195 gold pieces
 31718 | D:13     | Acquired the +3 pair of seven-league boots {Rampage+∞}
 31718 | D:13     | Found the +3 pair of seven-league boots {Rampage+∞}
 32027 | D:13     | Reached XP level 15. HP: 124/137 MP: 14/14
 32392 | D:14     | Reached skill level 19 in Axes
 32577 | D:14     | Found a gate to the Vaults.
 33049 | D:14     | Found a portal to a secret trove of treasure.
 33232 | D:15     | Entered Level 15 of the Dungeon
 34980 | D:15     | Paralysed by a great orb of eyes for 2 turns
 35338 | D:15     | Found a staircase to the Depths.
 35539 | D:5      | Killed sirJeffrey23's ghost
 35658 | D:3      | Killed GiantSquids's ghost
 35891 | Spider:1 | Entered Level 1 of the Spider Nest
 36205 | Spider:1 | Reached skill level 20 in Axes
 37958 | Spider:1 | Noticed Jorgrun
 37981 | Spider:1 | HP: 5/208 [Jorgrun/+0 heavy quarterstaff (13)]
 37982 | Spider:1 | Killed Jorgrun
 38565 | Spider:1 | Reached skill level 15 in Fighting
 38725 | Spider:2 | Reached XP level 16. HP: 117/149 MP: 15/15
 38819 | Spider:2 | Paralysed by a jorogumo for 3 turns
 40350 | Spider:2 | HP: 7/149 [burnt (2)]
 40351 | Spider:2 | Slain by a radroach simulacrum

Illustrated notes

Levels and vault maps discovered:
D:1:      dpeg_arrival_refuge, layout_basic
D:2:      minmay_spotlight, layout_loops_ring, kennysheep_donut,
          minmay_small_reverse_x
D:3:      layout_rooms, nicolae_sif_muna_little_library,
          nicolae_yredelemnul_ghost_church, nicolae_overflow_hidden_temple,
          marbit_many_paths, hellmonk_ecumenical_altar_leap_of_faith,
          uniq_terence
D:4:      layout_loops_corners, riverfiend_overflow_shadow_ancestor,
          cheibriados_altar_1, kiku_gazebo_pond_becter,
          minmay_temple_entry_glassed_door, uniq_robin
D:5:      layout_rooms, lemuel_round_altar, mainiacjoe_overflow_surrounded_room,
          fedhas_altar_4, kennysheep_mini_moat,
          mainiacjoe_overflow_large_starburst, gammafunk_ghost_arena,
          sigmund_edmund_badplayer, uniq_pikel, uniq_menkaure
D:6:      layout_layer_cave, enter_ossuary_3
D:7:      layout_loops_ring, mainiacjoe_overflow_tiny_flanked,
          old_standard_altar, serial_shops, nicolae_square_shop,
          nicolae_shop_vocational
D:8:      layout_loops_cross, grunt_temple_overflow_lords_of_destruction,
          roderic_roman_lattice
D:9:      layout_basic, nzn_wu_jian_contemplation, chequers_garden
D:10:     layout_basic, nicolae_overflow_crystal_walls,
          mainiacjoe_overflow_alcove_4
D:11:     layout_rooms, erik_lair_orcish_takeover, gauntlet_entry_generic,
          kennysheep_generic_room_3, uniq_psyche, uniq_erolcha
D:12:     layout_stronghold, erik_orc_4
D:13:     layout_basic
D:14:     layout_irregular_city, david_vaults_1, nicolae_trove_entry_diagonal
D:15:     gammafunk_enter_depths_forms, layout_cross,
          nicolae_figureground_sparkle
Lair:1:   lemuel_slime, layout_gridlike, hangedman_tree_tricks,
          chequers_serial_rivers_small_b, grunt_megastairs_2,
          serial_bayou_shore_a
Lair:2:   layout_cave_pods, spider_nest_entry_web_field
Lair:3:   layout_regular_city, minmay_swamp_entry_worms
Lair:4:   layout_cave_pods, minmay_slime_entry_jelly_boxes, beast_lair_carwin_8,
          infiniplex_staircase_pool_2
Lair:5:   evil_forest, layout_regular_city, grunt_megastairs_1, uniq_urug
Spider:1: layout_spider_delve, uniq_jorgrun
Spider:2: nicolae_spider_hall_of_the_moth_king
Orc:1:    layout_diamond_mine, basic_altar
Orc:2:    st_orc_congregation, layout_caves, basic_altar, guppyfry_orc_lava_fort

Skill      XL: |  1  2  3  4  5  6  7  8  9 10 11 12 13 14 15 |
---------------+----------------------------------------------+-----
Axes           | 4 5 6 8 9 11 13 14 16 17 18 20 | 20.9
Fighting       | 4 5 6 7 8 9 11 12 13 15 | 15.4
Ranged Weapons | 1 2 3 4 6 7 9 11 13 14 15 16 18 | 18.9
Armour         | 3 4 5 7 8 10 | 10.3
Evocations     | 3 5 6 |  6.6
Dodging        | |  2.1

Action                   |  1- 3 |  4- 6 |  7- 9 | 10-12 | 13-15 | 16-18 || total
-------------------------+-------+-------+-------+-------+-------+-------++-------
Melee: Hand axe          |    42 |       |       |       |       |       ||    42
       Headbutt          |    10 |    10 |    18 |    40 |    86 |    21 ||   185
       Short sword       |    19 |    23 |       |       |       |       ||    42
       War axe           |       |    23 |     9 |       |       |       ||    32
       Flail             |       |       |    54 |    30 |    15 |       ||    99
       Battleaxe         |       |       |   104 |   200 |   205 |       ||   509
       Executioner's axe |       |       |       |       |   211 |    79 ||   290
 Fire: Sling             |    33 |    56 |    78 |       |       |       ||   167
       Triple crossbow   |       |       |    30 |   181 |   556 |    24 ||   791
Throw: Dart              |       |       |       |     2 |     1 |       ||     3
       Javelin           |       |       |       |       |     9 |     4 ||    13
Invok: Berserk           |       |     3 |    11 |     6 |     9 |     4 ||    33
       Trog's Hand       |       |     1 |     1 |    13 |    19 |     1 ||    35
Evoke: Wand              |       |       |       |    11 |     6 |     1 ||    18
       Tin of tremorston |       |       |       |       |     2 |       ||     2
       Condenser vane    |       |       |       |       |     1 |       ||     1
  Use: Scroll            |     3 |       |    21 |     8 |    15 |     1 ||    48
       Potion            |       |       |     3 |     1 |     4 |       ||     8
Armor: Animal skin       |     6 |       |       |       |       |       ||     6
       Ring mail         |    16 |     3 |       |       |       |       ||    19
       Scale mail        |       |    26 |    10 |       |       |       ||    36
       Plate armour      |       |       |   218 |   193 |   426 |   116 ||   953
Dodge: Dodged            |    44 |    41 |   108 |   130 |   230 |    66 ||   619
Block: Buckler           |       |     6 |     7 |       |       |       ||    13
       Other             |       |       |       |    34 |   137 |    30 ||   201
       Reflection        |       |       |       |     2 |    11 |       ||    13

Table legend: (Time is in decaauts)
 A = Elapsed time spent in this place.
 B = Non-inter-level travel time spent in this place.
 C = Inter-level travel time spent in this place.
 D = Time resting spent in this place.
 E = Time spent auto-exploring this place.
 F = Levels seen in this place.
 G = Mean time per level.
                   A        B        C        D        E       F      G
               +--------+--------+--------+--------+--------+-----+--------+
         Total |  41335 |  39946 |   1389 |  20119 |  14414 |  26 | 1589.8 |
       Dungeon |  17330 |  16375 |    955 |   4489 |   9312 |  15 | 1155.3 |
          Lair |   7651 |   7339 |    312 |   2085 |   4050 |   5 | 1530.2 |
   Spider Nest |   4194 |   4172 |     22 |   3346 |    418 |   2 | 2097.0 |
  Orcish Mines |  10048 |   9949 |     99 |   8560 |    489 |   2 | 5024.0 |
       Ossuary |   1763 |   1763 |      0 |   1419 |    145 |   1 | 1763.0 |
      Gauntlet |    347 |    347 |      0 |    217 |      0 |   1 |  347.0 |
               +--------+--------+--------+--------+--------+-----+--------+

Top non-repeatable levels by time:
   Orc:2: 8722 daAuts
Spider:1: 3040 daAuts
    D:15: 2192 daAuts
    D:10: 1929 daAuts
  Lair:1: 1825 daAuts
 Ossuary: 1763 daAuts
  Lair:4: 1639 daAuts
  Lair:5: 1539 daAuts
  Lair:2: 1507 daAuts
     D:4: 1353 daAuts
   Orc:1: 1326 daAuts
     D:9: 1317 daAuts
     D:5: 1242 daAuts
Spider:2: 1153 daAuts
     D:6: 1149 daAuts
